 Dungeon Crawl Stone Soup version 0.19.4 (webtiles) character file.

73 Gargoyl the Skirmisher (level 4, -2/40 HPs)
             Began as a Ghoul Abyssal Knight on Feb 1, 2017.
             Was a Follower of Lugonu.
             Slain by Natasha (6 damage)
             ... on level 3 of the Dungeon.
             The game lasted 00:02:56 (1491 turns).

Gargoyl the Skirmisher (Ghoul Abyssal Knight)       Turns: 1491, Time: 00:02:56

Health: -2/40      AC:  8    Str: 20    XL:     4   Next: 27%
Magic:  4/4        EV: 11    Int:  7    God:    Lugonu [*.....]
Gold:   92         SH:  0    Dex:  7    Spells: 0 memorised, 3 levels left

rFire  . . .     SeeInvis .     a - +1 hand axe
rCold  + . .     Gourm    .     b - +0 leather armour
rNeg   + + +     Faith    .     (no shield)
rPois  ∞         Spirit   .     (no helmet)
rElec  .         Reflect  .     (no cloak)
rCorr  .         Harm     .     n - +0 pair of gloves
MR     .....                    (no boots)
Stlth  +.........               (no amulet)
                                j - -2 ring of dexterity (curse)
                                d - +4 ring of protection

@: mighty, rotting
A: rotting body, claws 1, carnivore 3, cold resistance 1, negative energy
resistance 3, slow regeneration 1, torment resistance, unbreathing
a: Depart the Abyss, Renounce Religion


You were on level 3 of the Dungeon.
You worshipped Lugonu.
Lugonu was aware of your devotion.
You were not hungry.

You visited 1 branch of the dungeon, and saw 3 of its levels.
You visited the Abyss 1 time.

You collected 92 gold pieces.

Inventory:

Hand Weapons
 a - a +1 hand axe (weapon)
Armour
 b - a +0 leather armour (worn)
 n - a +0 pair of gloves (worn)
Jewellery
 d - a +4 ring of protection (left hand)
 h - an uncursed ring of fire
 i - an uncursed ring of see invisible {unknown}
 j - a cursed -2 ring of dexterity (right hand)
 o - an uncursed amulet of regeneration {unknown}
Scrolls
 m - 6 scrolls of identify
 p - a scroll of teleportation
 t - a scroll of blinking {unknown}
Potions
 f - a potion of haste {unknown}
 g - a potion of degeneration {unknown}
 k - a potion of curing
 l - a potion of ambrosia {unknown}
 r - 2 potions of agility {unknown}
Comestibles
 c - a meat ration
 s - a beef jerky


   Skills:
 + Level 4.0 Fighting
 + Level 2.5 Axes
 * Level 2.2 Armour
 + Level 1.5 Dodging
 * Level 2.4 Invocations


You had 3 spell levels left.
You didn't know any spells.

Dungeon Overview and Level Annotations

Branches:
Dungeon (3/15)

Altars:
Okawaru

Annotations:
D:3 Natasha


Innate Abilities, Weirdness & Mutations

Your body is rotting away.
You thrive on raw meat.
You are immune to poison.
You have sharp fingernails.
You are carnivorous and can eat meat at any time.
Your flesh is cold resistant. (rC+)
You are immune to negative energy. (rN+++)
You regenerate slowly when monsters are visible.
You are immune to unholy pain and torment.
You can survive without breathing.


Message History

* * * LOW HITPOINT WARNING * * *
It was a potion of curing.
You feel better.
The crimson imp hits you but does no damage.
Natasha claws you.
* * * LOW HITPOINT WARNING * * *
You closely miss Natasha.
Natasha is heavily wounded.
You closely miss the crimson imp.
The crimson imp hits you but does no damage.
Natasha closely misses you.
You feel very mighty all of a sudden.
The crimson imp hits you but does no damage.
Natasha claws you!
* * * LOW HITPOINT WARNING * * *
You miss Natasha.
Natasha is heavily wounded.
You barely miss the crimson imp.
The crimson imp disappears for a moment.
The crimson imp barely misses you. Natasha claws you.
You die...

#.#....##.....#
#.#.........###
#.#.........#
#......... .#
#.........
#.....####
####........
#.5..........
#@##.........
......h)...........
........##.........
.............####.
.............#
......#....!...
##....#.!..<...
####.#....


You could see Natasha and a crimson imp.

Vanquished Creatures
  Natasha (D:3)
  An adder (D:2)
  An ooze (D:3)
  A worm (D:2)
  A dart slug (D:1)
  A leopard gecko (D:1)
  2 ball pythons
  3 bats
  2 giant cockroaches (D:2)
  A hobgoblin (D:2)
  A quokka (D:2)
  3 frilled lizards
  6 goblins
  3 kobolds
  7 rats
34 creatures vanquished.

Notes
Turn   | Place    | Note
-------+----------+-------------------------------------------
     0 | Abyss:1  | Gargoyl the Ghoul Abyssal Knight began the quest for the Orb.
     0 | Abyss:1  | Reached XP level 1. HP: 19/19 MP: 1/1
   116 | Abyss:1  | Noticed a ynoxinul
   116 | D:1      | Escaped the Abyss
   155 | D:1      | Reached * piety under Lugonu
   191 | D:1      | Reached skill level 1 in Dodging
   350 | D:1      | Reached XP level 2. HP: 13/26 MP: 2/2
   867 | D:2      | Reached XP level 3. HP: 25/33 MP: 3/3
   968 | D:2      | Reached skill level 4 in Fighting
  1336 | D:2      | Found an iron altar of Okawaru.
  1434 | D:3      | Noticed Natasha
  1444 | D:3      | Killed Natasha
  1444 | D:3      | Reached XP level 4. HP: 20/40 MP: 4/4
  1468 | D:3      | Noticed Natasha
  1491 | D:3      | Slain by Natasha

Skill      XL: |  1  2  3 |
---------------+----------+-----
Dodging        | 1 |  1.5
Armour         | 2 |  2.2
Fighting       | 4 |  4.0
Axes           | 2 |  2.5
Invocations    | |  2.4

Action                   |  1- 3 |  4- 6 || total
-------------------------+-------+-------++-------
Melee: Hand axe          |   108 |    18 ||   126
Invok: Depart the Abyss  |     1 |       ||     1
  Use: Scroll            |     4 |       ||     4
       Potion            |       |     2 ||     2
  Eat: Chunk             |    15 |     6 ||    21
Armor: Leather armour    |    38 |    12 ||    50
Dodge: Dodged            |    66 |    16 ||    82
